 Dungeon Crawl Stone Soup version 0.30-a0-331-g8ab09dc110 (webtiles) character file.

Game seed: 1955661173225974092

96 gruber the Chiller (level 4, -6/30 HPs)
             Began as a Demonspawn Ice Elementalist on Oct 29, 2022.
             Mangled by an ogre
             ... wielding a +0 giant club
              (16 damage)
             ... on level 3 of the Dungeon.
             The game lasted 00:02:49 (2469 turns).

gruber the Chiller (Demonspawn Ice Elementalist)    Turns: 2469, Time: 00:02:50

Health: -6/30      AC:  5    Str:  8    XL:     4   Next: 41%
Magic:  4/7        EV: 12    Int: 19    God:
Gold:   134        SH:  0    Dex: 13    Spells: 3/7 levels left

rFire   . . .      SeeInvis .    r - +5 trident of the Wraith {elec, Stlth+}
rCold   . . .      Faith    .    (no shield)
rNeg    . . .      Spirit   .    a - +0 robe
rPois   .          Reflect  .    (no helmet)
rElec   .          Harm     .    j - +0 cloak
rCorr   +          Rampage  .    (no gloves)
Will    .....                    (no boots)
Stlth   +++.......               (no amulet)
HPRegen 0.25/turn                f - ring of resist corrosion
MPRegen 0.20/turn                (no ring)

@: no status effects
A: claws 1, icy blue scales 1, magic regeneration
a: no special abilities


You were on level 3 of the Dungeon.
You visited 1 branch of the dungeon, and saw 3 of its levels.

You collected 134 gold pieces.

Inventory:

Hand Weapons
 r - the +5 trident of the Wraith (weapon) {elec, Stlth+}
   (You took it off a hobgoblin on level 3 of the Dungeon)

   It occasionally discharges a powerful burst of electricity upon striking a
   foe.
   Stlth:     It makes you more stealthy.
Armour
 a - a +0 robe (worn)
 j - a +0 cloak (worn)
 o - a +2 ring mail of positive energy
Jewellery
 f - a ring of resist corrosion (left claw)
Wands
 p - a wand of acid (8)
Scrolls
 d - a scroll of silence {unknown}
 e - a scroll of blinking {unknown}
 g - a scroll of fear {unknown}
 h - 2 scrolls of immolation {unknown}
 k - a scroll of enchant weapon {unknown}
 l - 4 scrolls of identify {unknown}
 n - a scroll of magic mapping {unknown}
 q - a scroll of fog {unknown}
Potions
 b - a potion of magic
 c - 4 potions of curing {unknown}
 i - 2 potions of degeneration {unknown}
 m - a potion of berserk rage {unknown}


   Skills:
 - Level 1.7 Dodging
 - Level 1.7 Stealth
 - Level 2.0 Spellcasting
 - Level 5.4 Ice Magic


You had 3 spell levels left.
You knew the following spells:

 Your Spells              Type           Power      Damage    Failure   Level
a - Freeze                Ice            88%        1d9       1%          1
b - Frozen Ramparts       Ice            44%        1d7       5%          3

Your spell library contained the following spells:

 Spells                   Type           Power      Damage    Failure   Level
 Ozocubu's Armour         Ice            22%        N/A       5%          3
 Apportation              Tloc           2%         N/A       17%         1
 Magic Dart               Conj           4%         1d3       17%         1
 Necrotise                Necr           4%         1d4       17%         1
 Summon Small Mammal      Summ           4%         N/A       17%         1
 Call Imp                 Summ           1%         N/A       26%         2
 Kindle Blastsparks       Fire/Tloc/Air  2%         2d10      45%         3
 Mephitic Cloud           Conj/Pois/Air  1%         N/A       45%         3
 Summon Ice Beast         Ice/Summ       12%        N/A       50%         4
 Fulminant Prism          Conj/Hex       0%         3d5       86%         4
 Iskenderun's Mystic Bla  Conj/Tloc      1%         2d3       86%         4
 Lee's Rapid Deconstruct  Erth           0%         3d4*      99%         5


Dungeon Overview and Level Annotations

Branches:
Dungeon (3/15)

Altars:


Innate Abilities, Weirdness & Mutations

You have sharp fingernails.
You are partially covered in icy blue scales. (AC +2)
You regenerate magic rapidly.


Message History

There is a large open door here.
An ogre comes into view. It is wielding a +0 giant club.
The ogre shouts!
The endoplasm quivers.
You puncture the giant cockroach!
Lightning courses through the giant cockroach!!
You kill the giant cockroach!
You reach to attack!
You barely miss the ogre. The endoplasm freezes you.
You are frozen.
The ogre hits you with a +0 giant club!
Unknown command.
Casting: Frozen Ramparts (dangerous; 5% risk of failure)
Confirm with . or Enter, or press ? or * to list all spells.
Aiming: Freeze (safe; 1% risk of failure)
Press: ? - help, Shift-Dir - straight line, f/p - ogre
Aim: an ogre, wielding a +0 giant club You freeze the ogre.
The ogre is lightly wounded.
The endoplasm hits you.
Unknown command.
Casting: Freeze (safe; 1% risk of failure)
Confirm with . or Enter, or press ? or * to list all spells.
Aiming: Freeze (safe; 1% risk of failure)
Press: ? - help, Shift-Dir - straight line, f/p - ogre
Aim: an ogre, wielding a +0 giant club (lightly wounded)
You freeze the ogre!
The ogre is heavily wounded.
The ogre barely misses you.
The endoplasm hits you but does no damage.
Unknown command.
Casting: Freeze (safe; 1% risk of failure)
Confirm with . or Enter, or press ? or * to list all spells.
Aiming: Freeze (safe; 1% risk of failure)
Press: ? - help, Shift-Dir - straight line, f/p - ogre
Aim: an ogre, wielding a +0 giant club (heavily wounded)
You freeze the ogre!
The ogre is almost dead.
The ogre hits you with a +0 giant club!
Ouch! That really hurt!
You die...

#..###'###.....#.......
#...........##.#.......
#.......###.##.#.......
#.......# #.#<.........
#.#'##### #............
##+#'#############'##...
#.............# #.##...
#.............# #......
#......@J.....# #.###..
#.......O.....# #.###..
##............. #..####
#####...##.##. ##....#
#...# 8# ####.# #.... ..
#.. ##.##8 # ##. #.# ##


You could see an ogre and an endoplasm.

Vanquished Creatures
  2 adders (D:2)
  3 worms
  4 orcs (D:2)
  4 endoplasms
  6 giant cockroaches
  4 goblins
  3 hobgoblins
  4 jackals (D:1)
  2 quokkas
  7 ball pythons
  7 bats
  4 frilled lizards
  6 kobolds
  4 rats
60 creatures vanquished.

Notes
Turn   | Place    | Note
-------+----------+-------------------------------------------
     0 | D:1      | gruber the Demonspawn Ice Elementalist began the quest for
                  | the Orb.
     0 | D:1      | Reached XP level 1. HP: 13/13 MP: 3/3
   270 | D:1      | Reached skill level 4 in Ice Magic
   307 | D:1      | Gained mutation: You regenerate magic rapidly. [demonic
                  | ancestry]
   307 | D:1      | Reached XP level 2. HP: 15/19 MP: 3/5
   663 | D:1      | Found a faded altar of an unknown god.
  1091 | D:2      | Gained mutation: You are partially covered in icy blue
                  | scales. (AC +2) [demonic ancestry]
  1091 | D:2      | Reached XP level 3. HP: 13/24 MP: 1/6
  1262 | D:2      | Learned a level 3 spell: Frozen Ramparts
  1429 | D:2      | Reached skill level 5 in Ice Magic
  1868 | D:2      | Gained mutation: You have sharp fingernails. [demonic
                  | ancestry]
  1868 | D:2      | Reached XP level 4. HP: 30/30 MP: 3/7
  2395 | D:3      | Identified the +5 trident of the Wraith {elec, Stlth+}
  2462 | D:3      | Noticed an ogre
  2469 | D:3      | Mangled by an ogre

Illustrated notes

Levels and vault maps discovered:
D:1:      saegor_arrival_simple_d, layout_loops_ring,
          shapermc_ecumenical_altar_mp_vishouse
D:2:      layout_basic, nicolae_eternal_life, wad_orctagon
D:3:      layout_basic, lemuel_doored_altar, small_statue_intersection

Skill      XL: |  1  2  3 |
---------------+----------+-----
Ice Magic      | 4 5 |  5.4
Dodging        | |  1.7
Stealth        | |  1.7
Spellcasting   | |  2.0

Action                   |  1- 3 |  4- 6 || total
-------------------------+-------+-------++-------
Melee: Unarmed           |    55 |    12 ||    67
       Punch             |     1 |       ||     1
       Hand axe          |     5 |       ||     5
       Trident           |       |     2 ||     2
 Cast: Freeze            |    74 |    14 ||    88
       Frozen Ramparts   |       |     1 ||     1
Armor: Robe              |    13 |     9 ||    22
Dodge: Dodged            |    86 |    19 ||   105

Table legend: (Time is in decaauts)
 A = Elapsed time spent in this place.
 B = Non-inter-level travel time spent in this place.
 C = Inter-level travel time spent in this place.
 D = Time resting spent in this place.
 E = Time spent auto-exploring this place.
 F = Levels seen in this place.
 G = Mean time per level.
                   A        B        C        D        E       F      G
               +--------+--------+--------+--------+--------+-----+--------+
         Total |   2469 |   2427 |     42 |      0 |   1970 |   3 |  823.0 |
       Dungeon |   2469 |   2427 |     42 |      0 |   1970 |   3 |  823.0 |
               +--------+--------+--------+--------+--------+-----+--------+

Top non-repeatable levels by time:
     D:1: 1070 daAuts
     D:2: 1016 daAuts
     D:3: 382 daAuts
